 Dungeon Crawl Stone Soup version 0.27.1-3-gb3d3a73c9e (webtiles) character file.

Game seed: 1281719987138115132

751 Urokeeper the Spear-Bearer (level 7, -5/56 HPs)
             Began as a Merfolk Gladiator on Oct 21, 2021.
             Slain by an orc warrior (13 damage)
             ... on level 6 of the Dungeon.
             The game lasted 00:09:32 (4172 turns).

Urokeeper the Spear-Bearer (Merfolk Gladiator)      Turns: 4172, Time: 00:09:33

Health: -5/56      AC: 13    Str: 16    XL:     7   Next: 78%
Magic:  7/7        EV: 12    Int:  8    God:
Gold:   197        SH:  0    Dex: 18    Spells: 6/6 levels left

rFire    . . .     SeeInvis .   a - +0 trident
rCold    . . .     Faith    .   (no shield)
rNeg     . . .     Spirit   .   n - +0 chain mail
rPois    .         Reflect  .   c - +0 helmet
rElec    .         Harm     .   (no cloak)
rCorr    .         Rampage  .   g - +2 pair of gloves {Dex+3}
Will     .....                  (no boots)
Stlth    ..........             (no amulet)
HPRegen  0.18/turn              l - +4 ring of evasion
MPRegen  0.10/turn              (no ring)

@: no status effects
A: (nimble swimmer 2), mertail
a: no special abilities


You were on level 6 of the Dungeon.
You visited 1 branch of the dungeon, and saw 6 of its levels.

You collected 197 gold pieces.

Inventory:

Hand Weapons
 a - a +0 trident (weapon)
Missiles
 d - a throwing net (quivered)
Armour
 b - a +0 leather armour
 c - a +0 helmet (worn)
 g - a +2 pair of gloves of dexterity (worn)
 n - a +0 chain mail (worn)
Jewellery
 l - a +4 ring of evasion (left hand)
 q - a ring of fire
Wands
 o - a wand of charming (5)
Scrolls
 f - a scroll of enchant armour
 h - a scroll of vulnerability
 j - a scroll of teleportation
 r - a scroll of enchant weapon {unknown}
Potions
 e - 3 potions of degeneration {unknown}
 i - 3 potions of lignification {unknown}
 k - 2 potions of curing
 m - 3 potions of attraction {unknown}
 p - a potion of ambrosia {unknown}
 s - a potion of brilliance {unknown}
 t - a potion of mutation {unknown}
 u - 4 potions of might {unknown}


   Skills:
 + Level 5.3 Fighting
 - Level 8.6(8.9) Polearms
 * Level 1.7(3.5) Staves
 - Level 2.0 Throwing
 - Level 2.8 Armour
 - Level 4.0 Dodging


You had 6 spell levels left.
You didn't know any spells.
Your spell library was empty.

Dungeon Overview and Level Annotations

Branches:
Dungeon (6/15)
 Temple: D:4-7

Altars:
Dithmenos
Vehumet
Yredelemnul

Annotations:
D:4 2 transporters, insectpublic's ghost, weakling DgTm
D:5 2 runed translucent doors, Duder's ghost, novice MiBe


Innate Abilities, Weirdness & Mutations

((You are quick and stealthy near water. (Stealth+, EV+, Speed+++)))
Your lower body shifts to a powerful aquatic tail in water.


Message History

The datura-tipped dart misses you.
The orc warrior throws a datura-tipped dart.
The datura-tipped dart barely misses you.
Things that are here:
a +0 rapier; a +0 chain mail; an iguana skeleton The orc warrior throws a datura-tipped dart.
The datura-tipped dart hits you.
The orc warrior throws a datura-tipped dart.
The datura-tipped dart hits you!
You closely miss the orc warrior.
The orc warrior hits you with a +0 scimitar!
You hit the orc warrior.
The orc warrior is lightly wounded.
You hit the orc warrior but do no damage.
The orc warrior is lightly wounded.
The orc warrior misses you.
You barely miss the orc warrior.
The orc warrior is lightly wounded.
The orc warrior hits you with a +0 scimitar!
You closely miss the orc warrior.
The orc warrior is lightly wounded.
The orc warrior hits you with a +0 scimitar.
You are too injured to fight recklessly!
You are too injured to fight recklessly!
You hit the orc warrior.
The orc warrior is lightly wounded.
The orc warrior hits you with a +0 scimitar!
You barely miss the orc warrior.
The orc warrior is lightly wounded.
The orc warrior hits you with a +0 scimitar.
You hit the orc warrior.
The orc warrior is moderately wounded.
The orc warrior hits you with a +0 scimitar!
* * * LOW HITPOINT WARNING * * *
You hit the orc warrior.
The orc warrior is heavily wounded.
You closely miss the orc warrior.
The orc warrior is heavily wounded.
The orc warrior hits you with a +0 scimitar!
You die...

#.# #..#########
#.<)....).#
#.#######)# ##.# #.#
..# #.# ##.# #.#
####.#######.#######
................@oC#
####..#######.####.#
#..# #.# #.# #..#
#.# #.# ####..# #.#
#.# ......# #.# #)#
####..# #.# #.#
......# #.# #o#
...†..# #.#


You could see a cyclops and an orc warrior.

Vanquished Creatures
  A necrophage (D:6)
  An ogre (D:4)
  A phantom (D:6)
  A howler monkey (D:6)
  2 hounds
  A centaur skeleton (D:6)
  Jessica (D:2)
  4 iguanas
  2 orc wizards (D:6)
  A scorpion zombie (D:3)
  6 gnolls (D:4)
  4 adders
  An adder skeleton (D:4)
  An adder zombie (D:3)
  2 worms (D:2)
  A dart slug (D:4)
  6 orcs
  6 bats
  6 endoplasms
  A giant cockroach (D:2)
  10 goblins
  5 hobgoblins
  4 jackals (D:3)
  4 kobolds
  A quokka (D:1)
  6 ball pythons
  A ball python zombie (D:3)
  3 frilled lizards
  A quokka zombie (D:3)
  7 rats
  A spectral goblin (D:1)
92 creatures vanquished.

Notes
Turn   | Place    | Note
-------+----------+-------------------------------------------
     0 | D:1      | Urokeeper the Merfolk Gladiator began the quest for the
                  | Orb.
     0 | D:1      | Reached XP level 1. HP: 16/16 MP: 1/1
   161 | D:1      | Reached skill level 5 in Polearms
   174 | D:1      | Reached XP level 2. HP: 22/22 MP: 2/2
   415 | D:1      | Found a faded altar of an unknown god.
   602 | D:1      | Reached skill level 6 in Polearms
   602 | D:1      | Reached XP level 3. HP: 27/27 MP: 3/3
  1011 | D:2      | Noticed Jessica
  1016 | D:2      | Killed Jessica
  1017 | D:2      | Reached skill level 7 in Polearms
  1017 | D:2      | Reached XP level 4. HP: 29/33 MP: 4/4
  1698 | D:3      | Found a shadowy altar of Dithmenos.
  1838 | D:3      | Found a basalt altar of Yredelemnul.
  1864 | D:3      | Reached skill level 8 in Polearms
  1993 | D:3      | Reached XP level 5. HP: 38/38 MP: 5/5
  2624 | D:4      | Reached skill level 1 in Armour
  2856 | D:4      | Reached XP level 6. HP: 31/47 MP: 6/6
  3114 | D:4      | Found a transporter.
  3115 | D:4      | Noticed insectpublic's ghost (weakling DgTm)
  3122 | D:4      | Noticed a sky beast
  3225 | D:4      | Found a transporter.
  3279 | D:4      | Found a radiant altar of Vehumet.
  3360 | D:5      | Entered Level 5 of the Dungeon
  3425 | D:5      | Found a large runed translucent door.
  3426 | D:5      | Found a large runed translucent door.
  3427 | D:5      | Noticed Duder's ghost (novice MiBe)
  3450 | D:5      | Noticed a sky beast
  3468 | D:5      | Identified the +0 scale mail of the Fiend {rPois rF- Regen+
                  | Str-4}
  3689 | D:6      | Reached XP level 7. HP: 47/54 MP: 7/7
  3754 | D:6      | Identified a scroll of acquirement
  3755 | D:6      | Acquired a +2 pair of gloves of dexterity
  4076 | D:6      | Reached skill level 5 in Fighting
  4109 | D:6      | Reached skill level 1 in Staves
  4115 | D:6      | Noticed a cyclops
  4172 | D:6      | Slain by an orc warrior

Illustrated notes

Levels and vault maps discovered:
D:1:      eino_arrival_tree_alley, layout_loops_ring,
          dreamdust_ecumenical_altar_drowned_temple
D:2:      layout_loops_ring, uniq_jessica
D:3:      layout_loops_ring, nicolae_yredelemnul_corpse_copse,
          grunt_dithmenos_smoke
D:4:      layout_basic, general_overflow_altar, gammafunk_ghost_smash
D:5:      layout_cave_pools, lemuel_coloured_pillars_altar, old_standard_altar,
          minmay_temple_entry_junction, ebering_ghost_disaster_area,
          chequers_serial_rivers_small_a
D:6:      hangedman_cross_stitches, layout_loops_ring, bloody_makhleb,
          gammafunk_temple_overflow_statue

Skill      XL: |  1  2  3  4  5  6  7 |
---------------+----------------------+-----
Polearms       | 5 6 7 8 |  8.6
Armour         | 1 2 |  2.8
Fighting       | 3 4 5 |  5.3
Staves         | 1 |  1.7
Throwing       | |  2.0
Dodging        | |  4.0

Action                   |  1- 3 |  4- 6 |  7- 9 || total
-------------------------+-------+-------+-------++-------
Melee: Trident           |    89 |   206 |    83 ||   378
Throw: Throwing net      |       |     3 |       ||     3
  Use: Scroll            |       |     5 |     2 ||     7
       Potion            |       |     1 |       ||     1
 Stab: Sleeping          |     3 |     1 |       ||     4
       Held in net/web   |       |     2 |       ||     2
Armor: Leather armour    |     8 |     2 |       ||    10
       Chain mail        |       |    63 |    25 ||    88
Dodge: Dodged            |    38 |    85 |    32 ||   155
